 Dungeon Crawl Stone Soup version 0.29.0-4-gdea44cf6ec (webtiles) character file.

Game seed: 14254531767042140748

107793 qw the Brawler (level 16, -15/156 HPs)
             Began as a Troll Cinder Acolyte on Sept 2, 2022.
             Was a High Priest of Okawaru.
             Demolished by a salamander (19 damage)
             ... on level 1 of the Snake Pit.
             The game lasted 00:15:24 (23146 turns).

qw the Brawler (Troll Cinder Acolyte)              Turns: 23146, Time: 00:15:24

Health: -15/156    AC: 19    Str: 32    XL:     16   Next: 1%
Magic:  0/22       EV: 11    Int: 10    God:    Okawaru [*****.]
Gold:   1526       SH: 22    Dex:  5    Spells: 17/17 levels left

rFire   . . .      SeeInvis +     - Unarmed
rCold   . . .      Faith    .   D - +2 kite shield {AC+3}
rNeg    . . .      Spirit   +   f - +5 acid dragon scales
rPois   +          Reflect  .   (helmet restricted)
rElec   .          Harm     .   d - +0 cloak {rPois}
rCorr   +          Rampage  .   (gloves unavailable)
Will    +....                   (boots unavailable)
Stlth   ++........              r - brooch of Shielding {Spirit SH+8}
HPRegen 1.16/turn               l - ring of see invisible
MPRegen 0.18/turn               a - +4 ring of evasion

@: lethally poisoned (-15 -> -15), heroic, slowed, constricted, very slow
A: large, unfitting armour, claws 3, regeneration 1, shaggy fur 1, tough skin 1
a: Renounce Religion, Heroism, Finesse, Duel


You were on level 1 of the Snake Pit.
You worshipped Okawaru.
Okawaru was extremely pleased with you.
You visited 4 branches of the dungeon, and saw 23 of its levels.
You also visited: Sewer.

You collected 2488 gold pieces.
You spent 962 gold pieces at shops.


Innate Abilities, Weirdness & Mutations

You are too large for most types of armour.
You have claws for hands.
Your natural rate of healing is unusually fast.
You are covered in fur. (AC +1)
You have tough skin. (AC +1)


   Skills:
 - Level 9.0(14.0) Fighting
 - Level 8.0(13.0) Throwing
 - Level 3.0(8.0) Armour
 - Level 3.3(8.3) Dodging
 + Level 12.4(17.4) Shields
 - Level 19.0(24.0) Unarmed Combat
 - Level 1.0 Spellcasting
 - Level 2.1 Fire Magic
 - Level 10.0 Invocations


You had 17 spell levels left.
You didn't know any spells.
Your spell library contained the following spells:

 Spells                   Type           Power      Damage    Failure   Level
 Scorch                   Fire           8%         2d5       34%         2

Inventory:

Missiles
 m - 5 silver boomerangs
 o - 19 large rocks (quivered)
 q - 16 javelins
 y - 35 boomerangs
 C - 19 silver javelins
Armour
 d - a +0 cloak of poison resistance (worn)
 f - +5 acid dragon scales (worn)
 v - the +3 hat of Pondering {ponderous, Will+ MP+10 Int+5}
   (You took it off Gastronok on level 8 of the Dungeon)

   Int:       It affects your intelligence (+5).
   MP:        It affects your magic capacity (+10).
   Will:      It increases your willpower.
 B - the +0 robe of Gravity {rF+ Will++ Regen+}
   (You found it on level 13 of the Dungeon)

   rF:        It protects you from fire.
   Regen:     It increases your rate of health regeneration.
   Will:      It greatly increases your willpower.
 D - a +2 kite shield of protection (worn)
Jewellery
 a - a +4 ring of evasion (right claw)
 l - a ring of see invisible (left claw)
 r - the brooch of Shielding (around neck) {Spirit SH+8}
   (You found it on level 5 of the Lair of Beasts)

   [amulet of guardian spirit]

   It causes incoming damage to be divided between your reserves of health and
   magic.
   SH:        It affects your SH (+8).
 u - a +4 ring of protection
 x - a ring of protection from fire
 A - a ring of poison resistance
Scrolls
 b - a scroll of brand weapon
 g - 3 scrolls of identify
 p - 3 scrolls of enchant weapon
 t - 3 scrolls of teleportation
Potions
 c - 3 potions of resistance
 e - 3 potions of might
 h - a potion of cancellation
 j - 4 potions of haste
 k - 6 potions of curing
 n - 2 potions of heal wounds
 w - 6 potions of mutation
 z - a potion of magic

Dungeon Overview and Level Annotations

Branches:
Dungeon (15/15)            Temple (0/1) D:4            Lair (5/5) D:9
  Swamp (0/4) Lair:2        Snake (1/4) Lair:3        Slime (0/5) Lair:4
    Orc (2/2) D:12            Elf (0/3) Orc:2        Vaults (0/5) D:14
 Depths (0/4) D:15          Sewer (visited)

Altars:
Cheibriados
Dithmenos
Fedhas
Gozag
Hepliaklqana
Makhleb
Okawaru
Qazlal
Ru
Sif Muna
Trog
Vehumet
Wu Jian
Yredelemnul
Zin
The Shining One
Jiyva

Shops:
D:5 [   D:12 !   Orc:1 (   Orc:2 [[(*

Portals:
Abyss: Orc:1

Annotations:
D:7 6 runed translucent doors, qw's ghost, novice TrCA
Orc:1 2 transporters, Kisosi's ghost, journeyman DDFi


Message History

The naga barely misses you. The naga grabs you. The naga constricts you.
You block the salamander's attack.
You scratch the naga but do no damage.
The salamander no longer looks unusually strong.
The naga mage spits poison at you. You block the splash of poison.
The naga warrior hits you but does no damage.
The naga warrior hits you from afar with a +0 trident!
The naga spits poison at you. You block the splash of poison.
The naga constricts you. The salamander hits you.
You are engulfed in flames!
You claw the naga!
The naga is moderately wounded.
You feel like a meek peon again.
The naga mage points at you and mumbles some strange words.
The bolt of poison hits you. You resist.
The bolt of poison hits the naga warrior.
The phantasmal warrior gestures at you.
The phantasmal warrior blinks!
The naga warrior spits poison at you. The splash of poison hits you.
You are poisoned.
You resist.
The naga warrior hits you but does no damage.
You block the naga warrior's attack.
23146 ||| INVOKING Heroism.
You gain the combat prowess of a mighty hero.
You feel very sick.
The naga no longer looks unusually strong.
You block the naga mage's attack. The salamander closely misses you.
The naga hits you with a +0 war axe!! The naga constricts you.
The naga warrior roars a battlecry!
The nagas go into a battle-frenzy!
The naga mage spits poison at you. The splash of poison misses you.
The splash of poison hits the naga warrior.
You block the naga warrior's attack.
The naga warrior hits you from afar with a +0 trident!!
You block the naga's attack. The naga constricts you. The salamander hits you!!
You die...

##........#
...........#
......###(.#
...... #).#
###.. #..# #..
#..# ##
#..#######
##..###NN).....#
.....¤N@NN.W...#
......##N......#
..##~~ #~N##...#
#. ...# ...# ..
..... ..# ~.
...N..~ .#
.......##
........#
~.N......~


You could see 4 naga warriors, a salamander (strong), a phantasmal warrior, a
naga mage (fast, strong, catching breath) and 2 nagas.

Vanquished Creatures
  Jorgrun (Orc:2)
  Gastronok (D:8)
  An orc warlord (D:13)
  A stone giant (D:15)
  An ironbound preserver (D:14)
  Josephine (D:10)
  A boulder beetle (D:12)
  13 hydras
  A catoblepas (Lair:4)
  4 centaur warriors
  4 two-headed ogres
  A naga warrior (Snake:1)
  A merfolk avatar (Lair:5)
  6 death yaks (Lair:5)
  A deep elf knight (D:13)
  A lindwurm (Lair:4)
  A deep elf pyromancer (D:13)
  Pikel (D:7)
  2 phantasmal warriors (Snake:1)
  A wizard (D:14)
  9 orc knights
  2 mana vipers (Snake:1)
  2 orc sorcerers
  22 ugly things
  A salamander (Snake:1)
  4 cyclopes
  8 manticores
  34 elephants
  5 black mambas
  Maurice (D:13)
  A guardian serpent (Snake:1)
  22 cane toads
  3 unseen horrors
  Maggie (D:7)
  5 kobold demonologists
  10 komodo dragons
  3 rime drakes
  5 efreet
  4 meliai (D:14)
  A freezing wraith (D:14)
  2 trolls
  A polar bear (Lair:5)
  Prince Ribbit (D:5)
  A wind drake (Lair:5)
  2 hornets
  15 blink frogs
  4 dream sheep (Lair:4)
  2 shadows
  A vampire (D:11)
  2 basilisks
  6 wraiths
  7 fire elementals
  7 wyverns
  34 yaks
  2 steam dragons (Lair:5)
  16 vampire mosquitoes
  A swamp worm (Lair:2)
  8 wargs (Orc:2)
  20 water moccasins
  3 nagas
  3 acid dragons
  5 black bears
  51 orc warriors
  3 sky beasts
  3 ice beasts
  26 wolves
  11 ogres
  15 centaurs
  3 lemures (D:6)
  9 kobold brigands
  7 gnoll sergeants
  10 bullfrogs
  A necrophage (D:6)
  4 scorpions
  14 wights
  14 killer bees
  2 howler monkeys
  2 electric eels
  A centaur zombie (D:7)
  12 hounds
  A jelly (D:6)
  3 gnoll boudas
  10 orc priests
  An iron imp (D:9)
  Natasha (thrice) (D:2)
  Terence (D:3)
  2 iguanas (D:6)
  17 orc wizards
  A killer bee zombie (D:7)
  A boggart simulacrum (D:15)
  31 gnolls
  14 adders
  3 river rats (Sewer)
  2 white imps
  An ufetubus (D:7)
  4 worms
  2 dart slugs (D:3)
  72 orcs
  7 bats
  15 endoplasms
  A giant cockroach (D:3)
  10 goblins
  12 hobgoblins
  4 jackals (D:8)
  A quokka (D:4)
  9 ball pythons
  6 frilled lizards
  19 kobolds
  7 rats
778 creatures vanquished.

Vanquished Creatures (others)
  3 orc wizards
  An orc (Orc:2)
  A bush (Lair:5)
  44 fungi
  68 plants
117 creatures vanquished.

Grand Total: 895 creatures vanquished

Notes
Turn   | Place    | Note
-------+----------+-------------------------------------------
     0 | D:1      | qw the Troll Cinder Acolyte began the quest for the Orb.
     0 | D:1      | Reached XP level 1. HP: 22/22 MP: 1/1
     0 | D:1      | 0 ||| qw: Version: 0.1-a-100-g36b9a1f
     0 | D:1      | 0 ||| qw: Game counter: 5023
     0 | D:1      | 0 ||| qw: Always use a shield: true
     0 | D:1      | 0 ||| qw: God list: Okawaru
     0 | D:1      | 0 ||| qw: Allow faded altars: false
     0 | D:1      | 0 ||| qw: Do Orc after D:15 true
     0 | D:1      | 0 ||| qw: Do second Lair branch before Depths: true
     0 | D:1      | 0 ||| qw: Lair rune preference: random
     0 | D:1      | 0 ||| qw: Plans: Normal
     0 | D:1      | 0 ||| PLANNING D:1-11
     6 | D:1      | 6 ||| Stepping ~*~*~tactically~*~*~ (stealth).
    54 | D:1      | 54 ||| Stepping ~*~*~tactically~*~*~ (outnumbered).
    55 | D:1      | 55 ||| Stepping ~*~*~tactically~*~*~ (outnumbered).
    56 | D:1      | 56 ||| Stepping ~*~*~tactically~*~*~ (outnumbered).
    57 | D:1      | 57 ||| Stepping ~*~*~tactically~*~*~ (outnumbered).
    58 | D:1      | 58 ||| Stepping ~*~*~tactically~*~*~ (outnumbered).
    70 | D:1      | Reached XP level 2. HP: 29/29 MP: 2/2
   119 | D:1      | Found a faded altar of an unknown god.
   383 | D:1      | Reached skill level 4 in Unarmed Combat
   694 | D:1      | 694 ||| READING scroll labelled BINYWU QOIRAF.
   695 | D:1      | 695 ||| READING scroll labelled MOIKHL ESOFU.
   709 | D:1      | 709 ||| READING scroll labelled BUAJA EREXUGRO.
   724 | D:2      | You fall into a shaft and drop 1 floor!
   725 | D:3      | 725 ||| PLANNING SEWER
   734 | D:3      | 734 ||| Stepping ~*~*~tactically~*~*~ (hiding).
   855 | D:3      | Found an iron altar of Okawaru.
   863 | D:3      | Reached XP level 3. HP: 36/36 MP: 3/3
   918 | D:3      | Noticed Terence
   924 | D:3      | Killed Terence
  1123 | D:3      | Found a shadowy altar of Dithmenos.
  1177 | D:3      | Reached XP level 4. HP: 43/44 MP: 4/4
  1185 | D:3      | Reached skill level 5 in Unarmed Combat
  1278 | D:3      | Found a glowing drain.
  1301 | Sewer    | Entered a sewer
  1344 | Sewer    | Noticed a kobold brigand
  1360 | Sewer    | Killed a kobold brigand
  1361 | Sewer    | Reached skill level 6 in Unarmed Combat
  1361 | Sewer    | Reached XP level 5. HP: 41/50 MP: 5/5
  1534 | Sewer    | Reached skill level 7 in Unarmed Combat
  1534 | Sewer    | Reached XP level 6. HP: 56/59 MP: 6/6
  1853 | Sewer    | Reached skill level 8 in Unarmed Combat
  1917 | Sewer    | Reached XP level 7. HP: 58/66 MP: 7/7
  1948 | Sewer    | Reached skill level 3 in Fighting
  1958 | Sewer    | 1958 ||| READING scroll labelled CAEJIPSUEKH.
  1959 | Sewer    | 1959 ||| READING scroll labelled JIOLAO ERUA.
  1981 | D:3      | 1981 ||| PLANNING D:1-11
  2031 | D:2      | Noticed Natasha
  2032 | D:2      | 2032 ||| Stepping ~*~*~tactically~*~*~ (hiding).
  2037 | D:2      | Killed Natasha
  2115 | D:2      | 2115 ||| Stepping ~*~*~tactically~*~*~ (stealth).
  2210 | D:2      | 2210 ||| Stepping ~*~*~tactically~*~*~ (stealth).
  2272 | D:2      | Noticed Natasha
  2278 | D:2      | Killed Natasha
  2304 | D:2      | 2304 ||| Stepping ~*~*~tactically~*~*~ (stealth).
  2505 | D:2      | Noticed Natasha
  2510 | D:2      | Killed Natasha
  2771 | D:2      | 2771 ||| UPGRADING to ring of see invisible.
  2772 | D:2      | 2772 ||| READING 2 scrolls labelled LUETZU VOAFA.
  2773 | D:2      | 2773 ||| DRINKING 2 white potions.
  2774 | D:2      | 2774 ||| DRINKING 2 viscous golden potions.
  2775 | D:2      | 2775 ||| DROPPING potion of degeneration.
  3166 | D:3      | Found a glowing golden altar of the Shining One.
  3213 | D:3      | Found an opulent altar of Gozag.
  3352 | D:3      | 3352 ||| READING scroll labelled CAIGGOHIONE.
  3550 | D:4      | 3550 ||| Stepping ~*~*~tactically~*~*~ (stealth).
  3658 | D:4      | 3658 ||| Stepping ~*~*~tactically~*~*~ (hiding).
  3721 | D:4      | Reached skill level 9 in Unarmed Combat
  3832 | D:4      | Found a glowing silver altar of Zin.
  3875 | D:4      | Found a staircase to the Ecumenical Temple.
  4081 | D:4      | 4081 ||| UPGRADING to amulet of regeneration.
  4086 | D:4      | 4086 ||| DRINKING 2 fizzy brown potions.
  4133 | D:4      | 4133 ||| READING 4 scrolls of identify.
  4133 | D:4      | 4133 ||| IDENTIFYING metallic golden potion
  4134 | D:4      | 4134 ||| READING 3 scrolls of identify.
  4134 | D:4      | 4134 ||| IDENTIFYING bubbling silvery potion
  4135 | D:4      | 4135 ||| READING 2 scrolls of identify.
  4135 | D:4      | 4135 ||| IDENTIFYING ruby potion
  4136 | D:4      | 4136 ||| DROPPING potion of brilliance.
  4137 | D:4      | 4137 ||| DROPPING potion of lignification.
  4148 | D:5      | Entered Level 5 of the Dungeon
  4148 | D:5      | Found Qouqa's Antique Armour Emporium.
  4155 | D:5      | 4155 ||| BUYING embroidered robe (99 gold).
  4155 | D:5      | Bought an embroidered robe for 99 gold pieces
  4155 | D:5      | 4155 ||| SHOPLISTING shiny orb (324 gold, have 123).
  4192 | D:5      | 4192 ||| Stepping ~*~*~tactically~*~*~ (stealth).
  4228 | D:5      | Reached skill level 1 in Throwing
  4228 | D:5      | Reached XP level 8. HP: 75/75 MP: 8/8
  4680 | D:5      | Found a sacrificial altar of Ru.
  4689 | D:5      | Noticed Prince Ribbit
  4728 | D:5      | Killed Prince Ribbit
  4729 | D:5      | Reached skill level 10 in Unarmed Combat
  4771 | D:5      | 4771 ||| UPGRADING to +2 robe of willpower.
  4781 | D:5      | 4781 ||| DROPPING +0 robe.
  4782 | D:5      | 4782 ||| UPGRADING to +0 kite shield.
  4787 | D:5      | 4787 ||| DROPPING amulet of the acrobat.
  4788 | D:5      | 4788 ||| READING scroll labelled XOD QOYNLE.
  4789 | D:5      | 4789 ||| DRINKING 2 fuming red potions.
  4790 | D:5      | 4790 ||| DRINKING 3 sapphire potions.
  4791 | D:5      | 4791 ||| READING 3 scrolls of identify.
  4791 | D:5      | 4791 ||| IDENTIFYING pink potion
  4792 | D:5      | 4792 ||| READING 2 scrolls of identify.
  4792 | D:5      | 4792 ||| IDENTIFYING fuming black potion
  4793 | D:5      | 4793 ||| DROPPING potion of flight.
  4794 | D:5      | 4794 ||| DROPPING 2 potions of attraction.
  4814 | D:6      | Reached skill level 1 in Shields
  4814 | D:6      | 4814 ||| Stepping ~*~*~tactically~*~*~ (stealth).
  4822 | D:6      | 4822 ||| INVOKING Fiery Armour.
  4826 | D:6      | 4826 ||| Stepping ~*~*~tactically~*~*~ (outnumbered).
  4827 | D:6      | 4827 ||| Stepping ~*~*~tactically~*~*~ (outnumbered).
  4828 | D:6      | 4828 ||| Stepping ~*~*~tactically~*~*~ (outnumbered).
  4829 | D:6      | 4829 ||| Stepping ~*~*~tactically~*~*~ (outnumbered).
  4875 | D:6      | 4875 ||| Stepping ~*~*~tactically~*~*~ (outnumbered).
  4876 | D:6      | 4876 ||| Stepping ~*~*~tactically~*~*~ (outnumbered).
  4877 | D:6      | 4877 ||| Stepping ~*~*~tactically~*~*~ (outnumbered).
  4879 | D:6      | 4879 ||| Stepping ~*~*~tactically~*~*~ (outnumbered).
  4880 | D:6      | 4880 ||| Stepping ~*~*~tactically~*~*~ (outnumbered).
  4881 | D:6      | 4881 ||| Stepping ~*~*~tactically~*~*~ (outnumbered).
  4884 | D:6      | 4884 ||| Stepping ~*~*~tactically~*~*~ (outnumbered).
  4887 | D:6      | Reached skill level 3 in Shields
  4973 | D:6      | 4973 ||| Stepping ~*~*~tactically~*~*~ (stealth).
  4974 | D:6      | 4974 ||| Stepping ~*~*~tactically~*~*~ (stealth).
  4976 | D:6      | 4976 ||| Stepping ~*~*~tactically~*~*~ (stealth).
  4977 | D:6      | 4977 ||| Stepping ~*~*~tactically~*~*~ (outnumbered).
  4978 | D:6      | 4978 ||| Stepping ~*~*~tactically~*~*~ (outnumbered).
  4979 | D:6      | 4979 ||| Stepping ~*~*~tactically~*~*~ (outnumbered).
  4980 | D:6      | 4980 ||| Stepping ~*~*~tactically~*~*~ (outnumbered).
  4981 | D:6      | 4981 ||| Stepping ~*~*~tactically~*~*~ (outnumbered).
  4982 | D:6      | 4982 ||| Stepping ~*~*~tactically~*~*~ (outnumbered).
  4984 | D:6      | 4984 ||| INVOKING Fiery Armour.
  4986 | D:6      | 4986 ||| Stepping ~*~*~tactically~*~*~ (outnumbered).
  5022 | D:6      | 5022 ||| Stepping ~*~*~tactically~*~*~ (outnumbered).
  5023 | D:6      | 5023 ||| Stepping ~*~*~tactically~*~*~ (outnumbered).
  5024 | D:6      | 5024 ||| Stepping ~*~*~tactically~*~*~ (outnumbered).
  5025 | D:6      | 5025 ||| Stepping ~*~*~tactically~*~*~ (outnumbered).
  5026 | D:6      | 5026 ||| Stepping ~*~*~tactically~*~*~ (outnumbered).
  5027 | D:6      | 5027 ||| Stepping ~*~*~tactically~*~*~ (outnumbered).
  5028 | D:6      | 5028 ||| Stepping ~*~*~tactically~*~*~ (outnumbered).
  5029 | D:6      | 5029 ||| Stepping ~*~*~tactically~*~*~ (outnumbered).
  5030 | D:6      | 5030 ||| Stepping ~*~*~tactically~*~*~ (outnumbered).
  5031 | D:6      | 5031 ||| Stepping ~*~*~tactically~*~*~ (outnumbered).
  5033 | D:6      | 5033 ||| Stepping ~*~*~tactically~*~*~ (outnumbered).
  5034 | D:6      | 5034 ||| Stepping ~*~*~tactically~*~*~ (outnumbered).
  5035 | D:6      | 5035 ||| Stepping ~*~*~tactically~*~*~ (outnumbered).
  5036 | D:6      | 5036 ||| Stepping ~*~*~tactically~*~*~ (outnumbered).
  5039 | D:6      | 5039 ||| Stepping ~*~*~tactically~*~*~ (outnumbered).
  5191 | D:6      | Reached XP level 9. HP: 73/81 MP: 9/9
  5202 | D:6      | 5202 ||| Stepping ~*~*~tactically~*~*~ (stealth).
  5209 | D:6      | 5209 ||| Stepping ~*~*~tactically~*~*~ (outnumbered).
  5216 | D:6      | Reached skill level 6 in Shields
  5220 | D:6      | 5220 ||| Stepping ~*~*~tactically~*~*~ (stealth).
  5442 | D:6      | 5442 ||| FLEEEEING.
  5443 | D:6      | 5443 ||| FLEEEEING.
  5444 | D:6      | 5444 ||| FLEEEEING.
  5445 | D:6      | 5445 ||| FLEEEEING.
  5450 | D:6      | 5450 ||| FLEEEEING.
  5451 | D:6      | 5451 ||| FLEEEEING.
  5452 | D:6      | 5452 ||| FLEEEEING.
  5453 | D:6      | 5453 ||| Stepping ~*~*~tactically~*~*~ (hiding).
  5649 | D:6      | Found a burning altar of Makhleb.
  5769 | D:6      | 5769 ||| DROPPING ring of wizardry.
  5770 | D:6      | 5770 ||| READING scroll labelled ASCHEG WUXTIPP.
  5771 | D:6      | 5771 ||| READING scroll labelled UPETEU FU UTE.
  5772 | D:6      | 5772 ||| READING scroll labelled QOSAICIFAO.
  5773 | D:6      | 5773 ||| READING scroll of teleportation.
  5801 | D:7      | 5801 ||| STAIRDANCE
  5805 | D:6      | Reached skill level 3 in Throwing
  5810 | D:7      | 5810 ||| STAIRDANCE
  5810 | D:7      | Noticed Pikel
  5831 | D:7      | 5831 ||| STAIRDANCE
  5840 | D:6      | 5840 ||| INVOKING Fiery Armour.
  5841 | D:6      | HP: 18/81 [poisoned by a killer bee]
  5842 | D:6      | HP: 7/81 [killer bee (2)]
  5847 | D:6      | HP: 5/81 [poisoned by a killer bee]
  5852 | D:6      | HP: 9/81 [poisoned by a killer bee]
  5894 | D:7      | 5894 ||| STAIRDANCE
  5903 | D:7      | 5903 ||| STAIRDANCE
  5905 | D:6      | 5905 ||| Stepping ~*~*~tactically~*~*~ (outnumbered).
  5906 | D:6      | 5906 ||| Stepping ~*~*~tactically~*~*~ (outnumbered).
  5907 | D:6      | 5907 ||| Stepping ~*~*~tactically~*~*~ (outnumbered).
  5925 | D:7      | Killed Pikel
  5926 | D:7      | Reached skill level 3 in Dodging
  5954 | D:7      | Found a stormy altar of Qazlal.
  5976 | D:7      | Found a runed translucent gate.
  5976 | D:7      | Found a runed translucent gate.
  5978 | D:7      | Found a runed translucent gate.
  5978 | D:7      | Noticed qw's ghost (novice TrCA)
  6097 | D:7      | Noticed Maggie
  6112 | D:7      | Killed Maggie
  6154 | D:7      | Reached XP level 10. HP: 91/91 MP: 10/10
  6206 | D:7      | 6206 ||| Stepping ~*~*~tactically~*~*~ (hiding).
  6234 | D:7      | 6234 ||| Stepping ~*~*~tactically~*~*~ (stealth).
  6258 | D:7      | 6258 ||| Stepping ~*~*~tactically~*~*~ (stealth).
  6259 | D:7      | 6259 ||| Stepping ~*~*~tactically~*~*~ (stealth).
  6271 | D:7      | 6271 ||| Stepping ~*~*~tactically~*~*~ (hiding).
  6466 | D:7      | Found a runed translucent gate.
  6466 | D:7      | Found a runed translucent gate.
  6466 | D:7      | Found a runed translucent gate.
  6466 | D:7      | Noticed qw's ghost (novice TrCA)
  6467 | D:7      | 6467 ||| UPGRADING to +0 acid dragon scales.
  6475 | D:7      | 6475 ||| UPGRADING to +2 robe of willpower.
  6480 | D:7      | 6480 ||| UPGRADING to +0 acid dragon scales.
  6490 | D:7      | 6490 ||| DROPPING +2 robe of willpower.
  6491 | D:7      | 6491 ||| READING 3 scrolls of enchant armour.
  6491 | D:7      | 6491 ||| ENCHANTING +0 acid dragon scales.
  6492 | D:7      | 6492 ||| READING 2 scrolls of enchant armour.
  6492 | D:7      | 6492 ||| ENCHANTING +1 acid dragon scales.
  6493 | D:7      | 6493 ||| READING scroll of enchant armour.
  6493 | D:7      | 6493 ||| ENCHANTING +2 acid dragon scales.
  6496 | D:7      | Found a basalt altar of Yredelemnul.
  6627 | D:7      | 6627 ||| DRINKING 2 fuming amethyst potions.
  6732 | D:7      | 6732 ||| DROPPING potion of berserk rage.
  6748 | D:6      | 6748 ||| Stepping randomly (stuck).
  6767 | D:8      | Found a bloodstained altar of Trog.
  6795 | D:8      | Reached skill level 1 in Armour
  6847 | D:8      | Found a shimmering blue altar of Sif Muna.
  6932 | D:8      | 6932 ||| Stepping ~*~*~tactically~*~*~ (hiding).
  6933 | D:8      | 6933 ||| Stepping ~*~*~tactically~*~*~ (hiding).
  7158 | D:8      | 7158 ||| Stepping ~*~*~tactically~*~*~ (hiding).
  7285 | D:8      | 7285 ||| Stepping ~*~*~tactically~*~*~ (stealth).
  7287 | D:8      | 7287 ||| Stepping ~*~*~tactically~*~*~ (hiding).
  7298 | D:8      | 7298 ||| FLEEEEING.
  7299 | D:8      | 7299 ||| FLEEEEING.
  7300 | D:8      | 7300 ||| FLEEEEING.
  7301 | D:8      | 7301 ||| FLEEEEING.
  7302 | D:8      | 7302 ||| FLEEEEING.
  7303 | D:8      | 7303 ||| FLEEEEING.
  7304 | D:8      | 7304 ||| FLEEEEING.
  7305 | D:8      | 7305 ||| FLEEEEING.
  7307 | D:8      | 7307 ||| Stepping ~*~*~tactically~*~*~ (stealth).
  7315 | D:8      | 7315 ||| FLEEEEING.
  7316 | D:8      | 7316 ||| STAIRDANCE
  7316 | D:8      | Found a blossoming altar of Fedhas.
  7336 | D:7      | 7336 ||| UPGRADING to +0 cloak.
  7341 | D:7      | 7341 ||| UPGRADING to +4 ring of evasion.
  7342 | D:7      | 7342 ||| DROPPING ring of see invisible.
  7399 | D:8      | 7399 ||| Stepping ~*~*~tactically~*~*~ (hiding).
  7400 | D:8      | 7400 ||| Stepping ~*~*~tactically~*~*~ (hiding).
  7407 | D:8      | 7407 ||| INVOKING Fiery Armour.
  7410 | D:8      | 7410 ||| Stepping ~*~*~tactically~*~*~ (outnumbered).
  7412 | D:8      | 7412 ||| Stepping ~*~*~tactically~*~*~ (hiding).
  7471 | D:8      | Identified the +3 ring mail "Agruina" {rCorr Str+7}
  7536 | D:8      | 7536 ||| INVOKING Fiery Armour.
  7539 | D:8      | 7539 ||| Stepping ~*~*~tactically~*~*~ (outnumbered).
  7540 | D:8      | 7540 ||| Stepping ~*~*~tactically~*~*~ (outnumbered).
  7541 | D:8      | 7541 ||| Stepping ~*~*~tactically~*~*~ (outnumbered).
  7549 | D:8      | Reached skill level 11 in Unarmed Combat
  7551 | D:8      | 7551 ||| Stepping ~*~*~tactically~*~*~ (outnumbered).
  7680 | D:8      | Noticed Gastronok
  7681 | D:8      | 7681 ||| Stepping ~*~*~tactically~*~*~ (hiding).
  7694 | D:8      | 7694 ||| Stepping ~*~*~tactically~*~*~ (outnumbered).
  7699 | D:8      | 7699 ||| INVOKING Fiery Armour.
  7700 | D:8      | Killed Gastronok
  7730 | D:8      | Found an ornate altar of the Wu Jian Council.
  7774 | D:8      | 7774 ||| READING scroll labelled FABRO BUMPOLEL.
  7775 | D:8      | 7775 ||| READING scroll labelled MEDOGOOBUTH.
  7818 | D:9      | Noticed a two-headed ogre
  7822 | D:9      | Killed a two-headed ogre
  7823 | D:9      | Reached skill level 3 in Armour
  7845 | D:9      | 7845 ||| Stepping ~*~*~tactically~*~*~ (stealth).
  7914 | D:9      | 7914 ||| Stepping ~*~*~tactically~*~*~ (outnumbered).
  7915 | D:9      | 7915 ||| Stepping ~*~*~tactically~*~*~ (outnumbered).
  7971 | D:9      | Reached XP level 11. HP: 100/100 MP: 11/11
  7972 | D:9      | 7972 ||| Stepping ~*~*~tactically~*~*~ (stealth).
  7981 | D:9      | Reached skill level 9 in Shields
  7984 | D:9      | 7984 ||| FLEEEEING.
  7985 | D:9      | 7985 ||| FLEEEEING.
  7986 | D:9      | 7986 ||| FLEEEEING.
  7987 | D:9      | 7987 ||| FLEEEEING.
  7988 | D:9      | 7988 ||| FLEEEEING.
  7989 | D:9      | 7989 ||| FLEEEEING.
  7990 | D:9      | 7990 ||| Stepping ~*~*~tactically~*~*~ (hiding).
  7991 | D:9      | 7991 ||| INVOKING Fiery Armour.
  7992 | D:9      | 7992 ||| Stepping ~*~*~tactically~*~*~ (outnumbered).
  7993 | D:9      | 7993 ||| Stepping ~*~*~tactically~*~*~ (outnumbered).
  7994 | D:9      | 7994 ||| Stepping ~*~*~tactically~*~*~ (outnumbered).
  7995 | D:9      | 7995 ||| Stepping ~*~*~tactically~*~*~ (outnumbered).
  7996 | D:9      | 7996 ||| Stepping ~*~*~tactically~*~*~ (outnumbered).
  7997 | D:9      | 7997 ||| Stepping ~*~*~tactically~*~*~ (outnumbered).
  7998 | D:9      | 7998 ||| Stepping ~*~*~tactically~*~*~ (outnumbered).
  7999 | D:9      | 7999 ||| Stepping ~*~*~tactically~*~*~ (outnumbered).
  8000 | D:9      | 8000 ||| Stepping ~*~*~tactically~*~*~ (outnumbered).
  8001 | D:9      | 8001 ||| Stepping ~*~*~tactically~*~*~ (outnumbered).
  8006 | D:9      | 8006 ||| Stepping ~*~*~tactically~*~*~ (outnumbered).
  8007 | D:9      | 8007 ||| Stepping ~*~*~tactically~*~*~ (outnumbered).
  8008 | D:9      | 8008 ||| Stepping ~*~*~tactically~*~*~ (outnumbered).
  8009 | D:9      | 8009 ||| Stepping ~*~*~tactically~*~*~ (outnumbered).
  8010 | D:9      | 8010 ||| Stepping ~*~*~tactically~*~*~ (outnumbered).
  8011 | D:9      | 8011 ||| Stepping ~*~*~tactically~*~*~ (outnumbered).
  8012 | D:9      | 8012 ||| Stepping ~*~*~tactically~*~*~ (outnumbered).
  8013 | D:9      | 8013 ||| Stepping ~*~*~tactically~*~*~ (outnumbered).
  8016 | D:9      | 8016 ||| Stepping ~*~*~tactically~*~*~ (outnumbered).
  8018 | D:9      | 8018 ||| Stepping ~*~*~tactically~*~*~ (outnumbered).
  8020 | D:9      | 8020 ||| Stepping ~*~*~tactically~*~*~ (outnumbered).
  8021 | D:9      | 8021 ||| Stepping ~*~*~tactically~*~*~ (outnumbered).
  8022 | D:9      | 8022 ||| Stepping ~*~*~tactically~*~*~ (outnumbered).
  8023 | D:9      | 8023 ||| Stepping ~*~*~tactically~*~*~ (outnumbered).
  8024 | D:9      | 8024 ||| Stepping ~*~*~tactically~*~*~ (outnumbered).
  8066 | D:9      | Found a snail-covered altar of Cheibriados.
  8108 | D:9      | Found a staircase to the Lair.
  8128 | D:9      | 8128 ||| READING scroll of enchant armour.
  8128 | D:9      | 8128 ||| ENCHANTING +3 acid dragon scales.
  8342 | D:9      | 8342 ||| PLANNING LAIR
  8354 | Lair:1   | Entered Level 1 of the Lair of Beasts
  8371 | Lair:1   | 8371 ||| Stepping ~*~*~tactically~*~*~ (stealth).
  8374 | Lair:1   | 8374 ||| INVOKING Fiery Armour.
  8377 | Lair:1   | 8377 ||| Stepping ~*~*~tactically~*~*~ (outnumbered).
  8419 | Lair:1   | Reached skill level 12 in Unarmed Combat
  8653 | Lair:1   | 8653 ||| Stepping ~*~*~tactically~*~*~ (outnumbered).
  8684 | Lair:1   | 8684 ||| Stepping ~*~*~tactically~*~*~ (outnumbered).
  8841 | Lair:1   | 8841 ||| Stepping ~*~*~tactically~*~*~ (hiding).
  8843 | Lair:1   | 8843 ||| Stepping ~*~*~tactically~*~*~ (hiding).
  8855 | Lair:1   | Reached skill level 13 in Unarmed Combat
  9143 | Lair:2   | Identified the +7 spear "Bysi" {vorpal, Int+6 Dex+5 SInv}
  9181 | Lair:2   | 9181 ||| Stepping ~*~*~tactically~*~*~ (stealth).
  9210 | Lair:2   | 9210 ||| INVOKING Fiery Armour.
  9248 | Lair:2   | 9248 ||| Stepping ~*~*~tactically~*~*~ (stealth).
  9249 | Lair:2   | 9249 ||| Stepping ~*~*~tactically~*~*~ (stealth).
  9373 | Lair:2   | 9373 ||| INVOKING Fiery Armour.
  9388 | Lair:2   | Reached XP level 12. HP: 64/111 MP: 12/12
  9395 | Lair:2   | 9395 ||| FLEEEEING.
  9396 | Lair:2   | 9396 ||| FLEEEEING.
  9405 | Lair:2   | 9405 ||| STAIRDANCE
  9413 | Lair:1   | 9413 ||| READING 2 scrolls of identify.
  9413 | Lair:1   | 9413 ||| IDENTIFYING blue potion
  9414 | Lair:1   | 9414 ||| DROPPING potion of magic.
  9897 | Lair:2   | Noticed a four-headed hydra
  9898 | Lair:2   | Noticed a seven-headed hydra
  9898 | Lair:2   | 9898 ||| INVOKING Fiery Armour.
  9900 | Lair:2   | 9900 ||| Stepping ~*~*~tactically~*~*~ (stealth).
  9904 | Lair:2   | Killed a seven-headed hydra
  9907 | Lair:2   | Killed a nine-headed hydra
  9908 | Lair:2   | Reached skill level 14 in Unarmed Combat
  9919 | Lair:2   | 9919 ||| Stepping ~*~*~tactically~*~*~ (stealth).
  9925 | Lair:2   | 9925 ||| FLEEEEING.
  9930 | Lair:2   | 9930 ||| FLEEEEING.
  9978 | Lair:2   | Found a staircase to the Swamp.
 10269 | Lair:2   | 10269 ||| DROPPING +6 ring of intelligence.
 10325 | Lair:3   | 10325 ||| STAIRDANCE
 10326 | Lair:3   | 10326 ||| INVOKING Fiery Armour.
 10328 | Lair:3   | 10328 ||| Stepping ~*~*~tactically~*~*~ (outnumbered).
 10329 | Lair:3   | 10329 ||| Stepping ~*~*~tactically~*~*~ (outnumbered).
 10330 | Lair:3   | 10330 ||| Stepping ~*~*~tactically~*~*~ (outnumbered).
 10331 | Lair:3   | 10331 ||| Stepping ~*~*~tactically~*~*~ (outnumbered).
 10332 | Lair:3   | 10332 ||| Stepping ~*~*~tactically~*~*~ (outnumbered).
 10340 | Lair:3   | Reached skill level 6 in Fighting
 10384 | Lair:3   | Reached skill level 15 in Unarmed Combat
 10439 | Lair:3   | 10439 ||| DRINKING 2 potions of cancellation.
 10454 | Lair:3   | Noticed a five-headed hydra
 10462 | Lair:3   | Killed a seven-headed hydra
 10476 | Lair:3   | 10476 ||| PLANNING CONVERSION TO OKAWARU
 10689 | D:3      | Fell from the grace of Ignis
 10689 | D:3      | Became a worshipper of Warmaster Okawaru
 10690 | D:3      | 10690 ||| PLANNING LAIR
 10690 | D:3      | 10690 ||| DRINKING 2 viscous coppery potions.
 10775 | D:8      | 10775 ||| Stepping ~*~*~tactically~*~*~ (stealth).
 10778 | D:8      | 10778 ||| Stepping ~*~*~tactically~*~*~ (hiding).
 11024 | Lair:3   | 11024 ||| Stepping ~*~*~tactically~*~*~ (stealth).
 11030 | Lair:3   | 11030 ||| Stepping ~*~*~tactically~*~*~ (stealth).
 11032 | Lair:3   | 11032 ||| Stepping ~*~*~tactically~*~*~ (stealth).
 11043 | Lair:3   | 11043 ||| Stepping ~*~*~tactically~*~*~ (outnumbered).
 11044 | Lair:3   | 11044 ||| Stepping ~*~*~tactically~*~*~ (outnumbered).
 11045 | Lair:3   | 11045 ||| Stepping ~*~*~tactically~*~*~ (stealth).
 11046 | Lair:3   | 11046 ||| Stepping ~*~*~tactically~*~*~ (outnumbered).
 11047 | Lair:3   | 11047 ||| Stepping ~*~*~tactically~*~*~ (outnumbered).
 11048 | Lair:3   | 11048 ||| Stepping ~*~*~tactically~*~*~ (outnumbered).
 11049 | Lair:3   | 11049 ||| Stepping ~*~*~tactically~*~*~ (outnumbered).
 11050 | Lair:3   | 11050 ||| Stepping ~*~*~tactically~*~*~ (outnumbered).
 11051 | Lair:3   | 11051 ||| Stepping ~*~*~tactically~*~*~ (outnumbered).
 11069 | Lair:3   | You fall into a shaft and drop 2 floors!
 11069 | Lair:5   | Entered Level 5 of the Lair of Beasts
 11071 | Lair:5   | 11071 ||| Stepping ~*~*~tactically~*~*~ (hiding).
 11073 | Lair:5   | 11073 ||| Stepping ~*~*~tactically~*~*~ (cloud).
 11074 | Lair:5   | 11074 ||| Stepping ~*~*~tactically~*~*~ (cloud).
 11075 | Lair:5   | Noticed a six-headed hydra
 11084 | Lair:5   | Killed a ten-headed hydra
 11084 | Lair:5   | Reached * piety under Okawaru
 11091 | Lair:5   | 11091 ||| INVOKING Heroism.
 11098 | Lair:5   | HP: 18/114 [manticore (15)]
 11099 | Lair:5   | 11099 ||| READING scroll of teleportation.
 11099 | Lair:5   | HP: 2/114 [wind drake/the air (9)]
 11100 | Lair:5   | 11100 ||| DRINKING potion of heal wounds.
 11101 | Lair:5   | 11101 ||| INVOKING Heroism.
 11109 | Lair:5   | HP: 24/114 [wyvern (7)]
 11172 | Lair:4   | 11172 ||| DRINKING potion of cancellation.
 11175 | Lair:4   | 11175 ||| Stepping ~*~*~tactically~*~*~ (hiding).
 11182 | Lair:4   | Reached skill level 1 in Invocations
 11182 | Lair:4   | Reached XP level 13. HP: 120/120 MP: 13/13
 11194 | Lair:4   | 11194 ||| INVOKING Heroism.
 11196 | Lair:4   | 11196 ||| Stepping ~*~*~tactically~*~*~ (outnumbered).
 11197 | Lair:4   | 11197 ||| Stepping ~*~*~tactically~*~*~ (outnumbered).
 11198 | Lair:4   | 11198 ||| Stepping ~*~*~tactically~*~*~ (outnumbered).
 11199 | Lair:4   | 11199 ||| Stepping ~*~*~tactically~*~*~ (outnumbered).
 11207 | Lair:4   | 11207 ||| Stepping ~*~*~tactically~*~*~ (outnumbered).
 11208 | Lair:4   | 11208 ||| Stepping ~*~*~tactically~*~*~ (outnumbered).
 11209 | Lair:4   | 11209 ||| Stepping ~*~*~tactically~*~*~ (outnumbered).
 11210 | Lair:4   | 11210 ||| Stepping ~*~*~tactically~*~*~ (outnumbered).
 11211 | Lair:4   | 11211 ||| Stepping ~*~*~tactically~*~*~ (outnumbered).
 11212 | Lair:4   | 11212 ||| Stepping ~*~*~tactically~*~*~ (outnumbered).
 11269 | Lair:4   | 11269 ||| Stepping ~*~*~tactically~*~*~ (stealth).
 11275 | Lair:4   | 11275 ||| Stepping ~*~*~tactically~*~*~ (stealth).
 11279 | Lair:4   | 11279 ||| INVOKING Heroism.
 11289 | Lair:4   | 11289 ||| Stepping ~*~*~tactically~*~*~ (outnumbered).
 11290 | Lair:4   | 11290 ||| Stepping ~*~*~tactically~*~*~ (outnumbered).
 11291 | Lair:4   | 11291 ||| Stepping ~*~*~tactically~*~*~ (outnumbered).
 11298 | Lair:4   | Reached ** piety under Okawaru
 11311 | Lair:4   | You fall into a shaft and drop 1 floor!
 11312 | Lair:5   | 11312 ||| INVOKING Heroism.
 11325 | Lair:5   | Reached skill level 3 in Invocations
 11376 | Lair:4   | 11376 ||| Stepping ~*~*~tactically~*~*~ (stealth).
 11416 | Lair:4   | 11416 ||| DROPPING amulet of magic regeneration.
 11417 | Lair:4   | 11417 ||| READING scroll labelled CUGUREN GIOPLA.
 11479 | Lair:3   | 11479 ||| Stepping ~*~*~tactically~*~*~ (stealth).
 11562 | Lair:3   | 11562 ||| INVOKING Heroism.
 11568 | Lair:3   | 11568 ||| Stepping ~*~*~tactically~*~*~ (outnumbered).
 11584 | Lair:3   | Reached skill level 16 in Unarmed Combat
 11586 | Lair:3   | 11586 ||| INVOKING Heroism.
 11627 | Lair:3   | 11627 ||| INVOKING Heroism.
 11630 | Lair:3   | You fall into a shaft and drop 2 floors!
 11684 | Lair:3   | 11684 ||| INVOKING Heroism.
 11685 | Lair:3   | 11685 ||| Stepping ~*~*~tactically~*~*~ (stealth).
 11736 | Lair:3   | Identified the +9 quarterstaff "Kibym" {freeze, rElec rPois
                  | rF+++ Int-4}
 11840 | Lair:3   | 11840 ||| Stepping ~*~*~tactically~*~*~ (outnumbered).
 11841 | Lair:3   | 11841 ||| Stepping ~*~*~tactically~*~*~ (outnumbered).
 11842 | Lair:3   | 11842 ||| Stepping ~*~*~tactically~*~*~ (outnumbered).
 11843 | Lair:3   | 11843 ||| Stepping ~*~*~tactically~*~*~ (outnumbered).
 11844 | Lair:3   | 11844 ||| Stepping ~*~*~tactically~*~*~ (outnumbered).
 11845 | Lair:3   | 11845 ||| Stepping ~*~*~tactically~*~*~ (outnumbered).
 11867 | Lair:3   | Reached *** piety under Okawaru
 11986 | Lair:3   | Found a staircase to the Snake Pit.
 11991 | Lair:3   | 11991 ||| Stepping ~*~*~tactically~*~*~ (hiding).
 12050 | Lair:3   | 12050 ||| Stepping ~*~*~tactically~*~*~ (outnumbered).
 12052 | Lair:3   | 12052 ||| Stepping ~*~*~tactically~*~*~ (outnumbered).
 12059 | Lair:3   | 12059 ||| INVOKING Heroism.
 12341 | Lair:4   | 12341 ||| Stepping ~*~*~tactically~*~*~ (cloud).
 12342 | Lair:4   | 12342 ||| INVOKING Heroism.
 12351 | Lair:4   | 12351 ||| Stepping ~*~*~tactically~*~*~ (cloud).
 12376 | Lair:4   | 12376 ||| INVOKING Heroism.
 12390 | Lair:4   | HP: 25/124 [12-headed hydra (12)]
 12505 | Lair:4   | 12505 ||| INVOKING Heroism.
 12506 | Lair:4   | 12506 ||| Stepping ~*~*~tactically~*~*~ (stealth).
 12542 | Lair:4   | Found a viscous altar of Jiyva.
 12545 | Lair:4   | Found a staircase to the Slime Pits.
 12546 | Lair:4   | 12546 ||| Stepping ~*~*~tactically~*~*~ (stealth).
 12548 | Lair:4   | 12548 ||| INVOKING Heroism.
 12552 | Lair:4   | 12552 ||| Stepping ~*~*~tactically~*~*~ (outnumbered).
 12594 | Lair:4   | 12594 ||| INVOKING Heroism.
 12602 | Lair:4   | Reached **** piety under Okawaru
 12940 | Lair:4   | 12940 ||| INVOKING Heroism.
 12965 | Lair:4   | You fall into a shaft and drop 1 floor!
 12968 | Lair:5   | 12968 ||| Stepping ~*~*~tactically~*~*~ (hiding).
 12969 | Lair:5   | 12969 ||| INVOKING Heroism.
 13005 | Lair:5   | Received a gift from Okawaru
 13010 | Lair:5   | 13010 ||| INVOKING Heroism.
 13053 | Lair:5   | 13053 ||| INVOKING Heroism.
 13065 | Lair:5   | 13065 ||| Stepping ~*~*~tactically~*~*~ (stealth).
 13074 | Lair:5   | Reached skill level 17 in Unarmed Combat
 13086 | Lair:5   | 13086 ||| Stepping ~*~*~tactically~*~*~ (stealth).
 13088 | Lair:5   | 13088 ||| Stepping ~*~*~tactically~*~*~ (stealth).
 13185 | Lair:4   | You fall into a shaft and drop 1 floor!
 13185 | Lair:5   | Was forgiven by Ignis
 13317 | Lair:5   | 13317 ||| Stepping ~*~*~tactically~*~*~ (stealth).
 13318 | Lair:5   | 13318 ||| Stepping ~*~*~tactically~*~*~ (stealth).
 13405 | Lair:5   | 13405 ||| INVOKING Heroism.
 13432 | Lair:5   | 13432 ||| INVOKING Heroism.
 13441 | Lair:5   | 13441 ||| Stepping ~*~*~tactically~*~*~ (outnumbered).
 13442 | Lair:5   | 13442 ||| Stepping ~*~*~tactically~*~*~ (outnumbered).
 13443 | Lair:5   | 13443 ||| Stepping ~*~*~tactically~*~*~ (outnumbered).
 13444 | Lair:5   | 13444 ||| Stepping ~*~*~tactically~*~*~ (outnumbered).
 13445 | Lair:5   | 13445 ||| Stepping ~*~*~tactically~*~*~ (outnumbered).
 13459 | Lair:5   | 13459 ||| Stepping ~*~*~tactically~*~*~ (outnumbered).
 13460 | Lair:5   | 13460 ||| Stepping ~*~*~tactically~*~*~ (outnumbered).
 13461 | Lair:5   | 13461 ||| Stepping ~*~*~tactically~*~*~ (outnumbered).
 13462 | Lair:5   | 13462 ||| Stepping ~*~*~tactically~*~*~ (outnumbered).
 13463 | Lair:5   | 13463 ||| Stepping ~*~*~tactically~*~*~ (outnumbered).
 13464 | Lair:5   | 13464 ||| Stepping ~*~*~tactically~*~*~ (outnumbered).
 13465 | Lair:5   | 13465 ||| Stepping ~*~*~tactically~*~*~ (outnumbered).
 13469 | Lair:5   | Reached ***** piety under Okawaru
 13475 | Lair:5   | Reached XP level 14. HP: 86/133 MP: 17/17
 13477 | Lair:5   | 13477 ||| INVOKING Heroism.
 13561 | Lair:5   | Reached skill level 6 in Invocations
 13572 | Lair:5   | 13572 ||| INVOKING Heroism.
 13573 | Lair:5   | 13573 ||| INVOKING Finesse.
 13579 | Lair:5   | 13579 ||| Stepping ~*~*~tactically~*~*~ (outnumbered).
 13580 | Lair:5   | 13580 ||| Stepping ~*~*~tactically~*~*~ (outnumbered).
 13705 | Lair:5   | 13705 ||| Stepping ~*~*~tactically~*~*~ (stealth).
 13707 | Lair:5   | 13707 ||| Stepping ~*~*~tactically~*~*~ (stealth).
 13710 | Lair:5   | 13710 ||| Stepping ~*~*~tactically~*~*~ (stealth).
 13715 | Lair:5   | 13715 ||| Stepping ~*~*~tactically~*~*~ (stealth).
 13717 | Lair:5   | 13717 ||| Stepping ~*~*~tactically~*~*~ (stealth).
 13718 | Lair:5   | 13718 ||| Stepping ~*~*~tactically~*~*~ (stealth).
 13719 | Lair:5   | 13719 ||| INVOKING Heroism.
 13720 | Lair:5   | 13720 ||| Stepping ~*~*~tactically~*~*~ (outnumbered).
 13721 | Lair:5   | 13721 ||| Stepping ~*~*~tactically~*~*~ (outnumbered).
 13722 | Lair:5   | 13722 ||| Stepping ~*~*~tactically~*~*~ (outnumbered).
 13723 | Lair:5   | 13723 ||| Stepping ~*~*~tactically~*~*~ (outnumbered).
 13724 | Lair:5   | 13724 ||| Stepping ~*~*~tactically~*~*~ (outnumbered).
 13725 | Lair:5   | 13725 ||| Stepping ~*~*~tactically~*~*~ (outnumbered).
 13726 | Lair:5   | 13726 ||| Stepping ~*~*~tactically~*~*~ (outnumbered).
 13730 | Lair:5   | 13730 ||| Stepping ~*~*~tactically~*~*~ (outnumbered).
 13737 | Lair:5   | 13737 ||| Stepping ~*~*~tactically~*~*~ (outnumbered).
 13763 | Lair:5   | 13763 ||| Stepping ~*~*~tactically~*~*~ (stealth).
 13765 | Lair:5   | 13765 ||| Stepping ~*~*~tactically~*~*~ (stealth).
 13773 | Lair:5   | 13773 ||| Stepping ~*~*~tactically~*~*~ (outnumbered).
 13774 | Lair:5   | 13774 ||| INVOKING Heroism.
 13775 | Lair:5   | 13775 ||| Stepping ~*~*~tactically~*~*~ (outnumbered).
 13778 | Lair:5   | 13778 ||| Stepping ~*~*~tactically~*~*~ (outnumbered).
 13779 | Lair:5   | 13779 ||| Stepping ~*~*~tactically~*~*~ (outnumbered).
 13781 | Lair:5   | 13781 ||| Stepping ~*~*~tactically~*~*~ (outnumbered).
 13791 | Lair:5   | 13791 ||| Stepping ~*~*~tactically~*~*~ (outnumbered).
 13792 | Lair:5   | 13792 ||| Stepping ~*~*~tactically~*~*~ (outnumbered).
 13793 | Lair:5   | 13793 ||| Stepping ~*~*~tactically~*~*~ (outnumbered).
 13794 | Lair:5   | 13794 ||| Stepping ~*~*~tactically~*~*~ (outnumbered).
 13795 | Lair:5   | 13795 ||| Stepping ~*~*~tactically~*~*~ (outnumbered).
 13796 | Lair:5   | 13796 ||| Stepping ~*~*~tactically~*~*~ (outnumbered).
 13797 | Lair:5   | 13797 ||| Stepping ~*~*~tactically~*~*~ (outnumbered).
 13802 | Lair:5   | 13802 ||| Stepping ~*~*~tactically~*~*~ (outnumbered).
 13803 | Lair:5   | 13803 ||| Stepping ~*~*~tactically~*~*~ (outnumbered).
 13915 | Lair:5   | 13915 ||| Stepping ~*~*~tactically~*~*~ (stealth).
 13917 | Lair:5   | 13917 ||| INVOKING Heroism.
 13919 | Lair:5   | 13919 ||| Stepping ~*~*~tactically~*~*~ (outnumbered).
 14005 | Lair:5   | Found the brooch of Shielding {Spirit SH+8}
 14013 | Lair:5   | Identified the +10 trident "Vyeblus" {venom, Str+3}
 14092 | Lair:5   | 14092 ||| Stepping ~*~*~tactically~*~*~ (stealth).
 14093 | Lair:5   | 14093 ||| Stepping ~*~*~tactically~*~*~ (stealth).
 14096 | Lair:5   | 14096 ||| Stepping ~*~*~tactically~*~*~ (stealth).
 14101 | Lair:5   | 14101 ||| Stepping ~*~*~tactically~*~*~ (outnumbered).
 14102 | Lair:5   | 14102 ||| Stepping ~*~*~tactically~*~*~ (outnumbered).
 14103 | Lair:5   | 14103 ||| Stepping ~*~*~tactically~*~*~ (outnumbered).
 14107 | Lair:5   | 14107 ||| Stepping ~*~*~tactically~*~*~ (outnumbered).
 14108 | Lair:5   | 14108 ||| Stepping ~*~*~tactically~*~*~ (outnumbered).
 14109 | Lair:5   | 14109 ||| Stepping ~*~*~tactically~*~*~ (outnumbered).
 14110 | Lair:5   | 14110 ||| Stepping ~*~*~tactically~*~*~ (outnumbered).
 14111 | Lair:5   | 14111 ||| Stepping ~*~*~tactically~*~*~ (outnumbered).
 14113 | Lair:5   | 14113 ||| Stepping ~*~*~tactically~*~*~ (outnumbered).
 14114 | Lair:5   | 14114 ||| Stepping ~*~*~tactically~*~*~ (outnumbered).
 14115 | Lair:5   | 14115 ||| Stepping ~*~*~tactically~*~*~ (outnumbered).
 14117 | Lair:5   | 14117 ||| INVOKING Heroism.
 14118 | Lair:5   | 14118 ||| Stepping ~*~*~tactically~*~*~ (outnumbered).
 14470 | Lair:5   | 14470 ||| Stepping ~*~*~tactically~*~*~ (stealth).
 14492 | Lair:5   | 14492 ||| UPGRADING to brooch of Shielding {Spirit SH+8}.
 14502 | Lair:5   | 14502 ||| PLANNING D:1-11
 14502 | Lair:5   | 14502 ||| DROPPING amulet of regeneration.
 14503 | Lair:5   | 14503 ||| DROPPING ring of ice.
 14504 | Lair:5   | 14504 ||| DROPPING ring of positive energy.
 14505 | Lair:5   | 14505 ||| DRINKING 2 fizzy red potions.
 14506 | Lair:5   | 14506 ||| DROPPING potion of invisibility.
 14674 | D:10     | Entered Level 10 of the Dungeon
 14754 | D:10     | Found a hazy altar of Hepliaklqana.
 14813 | D:10     | Identified the +1 swamp dragon scales of Inference {Drain
                  | +Blink +Inv rPois Dex-5} (Okawaru gifted it to you on level
                  | 10 of the Dungeon)
 14813 | D:10     | Received a gift from Okawaru
 14824 | D:10     | Noticed Josephine
 14827 | D:10     | 14827 ||| INVOKING Heroism.
 14831 | D:10     | Killed Josephine
 14833 | D:10     | 14833 ||| Stepping ~*~*~tactically~*~*~ (outnumbered).
 14834 | D:10     | 14834 ||| Stepping ~*~*~tactically~*~*~ (outnumbered).
 14960 | D:10     | 14960 ||| INVOKING Heroism.
 14967 | D:10     | 14967 ||| Stepping ~*~*~tactically~*~*~ (outnumbered).
 15137 | D:10     | 15137 ||| Stepping ~*~*~tactically~*~*~ (outnumbered).
 15151 | D:10     | 15151 ||| INVOKING Heroism.
 15154 | D:10     | 15154 ||| Stepping ~*~*~tactically~*~*~ (outnumbered).
 15158 | D:10     | 15158 ||| Stepping ~*~*~tactically~*~*~ (outnumbered).
 15159 | D:10     | 15159 ||| Stepping ~*~*~tactically~*~*~ (outnumbered).
 15160 | D:10     | 15160 ||| Stepping ~*~*~tactically~*~*~ (outnumbered).
 15164 | D:10     | 15164 ||| Stepping ~*~*~tactically~*~*~ (outnumbered).
 15165 | D:10     | 15165 ||| Stepping ~*~*~tactically~*~*~ (outnumbered).
 15166 | D:10     | 15166 ||| Stepping ~*~*~tactically~*~*~ (outnumbered).
 15171 | D:10     | 15171 ||| Stepping ~*~*~tactically~*~*~ (outnumbered).
 15215 | D:10     | 15215 ||| INVOKING Heroism.
 15257 | D:10     | 15257 ||| Stepping ~*~*~tactically~*~*~ (stealth).
 15263 | D:10     | 15263 ||| Stepping ~*~*~tactically~*~*~ (hiding).
 15596 | D:10     | 15596 ||| DRINKING 2 smoky blue potions.
 15697 | D:10     | 15697 ||| DROPPING potion of ambrosia.
 16478 | D:11     | 16478 ||| PLANNING D
 16478 | D:11     | 16478 ||| READING scroll labelled OFIAS WAEW.
 16479 | D:11     | 16479 ||| READING 2 scrolls of identify.
 16479 | D:11     | 16479 ||| IDENTIFYING fuming silvery potion
 16514 | D:12     | 16514 ||| STAIRDANCE
 16611 | D:12     | 16611 ||| INVOKING Heroism.
 16613 | D:12     | 16613 ||| INVOKING Finesse.
 16620 | D:12     | 16620 ||| Stepping ~*~*~tactically~*~*~ (outnumbered).
 16621 | D:12     | 16621 ||| Stepping ~*~*~tactically~*~*~ (outnumbered).
 16622 | D:12     | 16622 ||| Stepping ~*~*~tactically~*~*~ (outnumbered).
 16623 | D:12     | 16623 ||| Stepping ~*~*~tactically~*~*~ (outnumbered).
 16624 | D:12     | 16624 ||| Stepping ~*~*~tactically~*~*~ (outnumbered).
 16625 | D:12     | 16625 ||| Stepping ~*~*~tactically~*~*~ (outnumbered).
 16626 | D:12     | 16626 ||| Stepping ~*~*~tactically~*~*~ (outnumbered).
 16627 | D:12     | 16627 ||| Stepping ~*~*~tactically~*~*~ (outnumbered).
 16628 | D:12     | 16628 ||| Stepping ~*~*~tactically~*~*~ (outnumbered).
 16631 | D:12     | 16631 ||| Stepping ~*~*~tactically~*~*~ (outnumbered).
 16706 | D:12     | 16706 ||| INVOKING Heroism.
 16708 | D:12     | Reached skill level 6 in Throwing
 16713 | D:12     | 16713 ||| Stepping ~*~*~tactically~*~*~ (outnumbered).
 16715 | D:12     | 16715 ||| Stepping ~*~*~tactically~*~*~ (outnumbered).
 16724 | D:12     | 16724 ||| INVOKING Heroism.
 16725 | D:12     | 16725 ||| Stepping ~*~*~tactically~*~*~ (outnumbered).
 16726 | D:12     | 16726 ||| Stepping ~*~*~tactically~*~*~ (outnumbered).
 16727 | D:12     | 16727 ||| Stepping ~*~*~tactically~*~*~ (hiding).
 16728 | D:12     | 16728 ||| Stepping ~*~*~tactically~*~*~ (hiding).
 16729 | D:12     | 16729 ||| Stepping ~*~*~tactically~*~*~ (outnumbered).
 16732 | D:12     | 16732 ||| Stepping ~*~*~tactically~*~*~ (outnumbered).
 16734 | D:12     | 16734 ||| Stepping ~*~*~tactically~*~*~ (outnumbered).
 16735 | D:12     | 16735 ||| Stepping ~*~*~tactically~*~*~ (outnumbered).
 16738 | D:12     | 16738 ||| Stepping ~*~*~tactically~*~*~ (outnumbered).
 16739 | D:12     | 16739 ||| Stepping ~*~*~tactically~*~*~ (outnumbered).
 16745 | D:12     | 16745 ||| Stepping ~*~*~tactically~*~*~ (hiding).
 16752 | D:12     | 16752 ||| Stepping ~*~*~tactically~*~*~ (hiding).
 16760 | D:12     | 16760 ||| Stepping ~*~*~tactically~*~*~ (outnumbered).
 16806 | D:12     | 16806 ||| INVOKING Heroism.
 16807 | D:12     | 16807 ||| INVOKING Finesse.
 16953 | D:12     | Found Joerezuv's Distillery.
 16967 | D:12     | 16967 ||| BUYING potion of haste (160 gold).
 16967 | D:12     | Bought a potion of haste for 160 gold pieces
 16967 | D:12     | 16967 ||| BUYING potion of haste (160 gold).
 16967 | D:12     | Bought a potion of haste for 160 gold pieces
 16967 | D:12     | 16967 ||| BUYING potion of mutation (128 gold).
 16967 | D:12     | Bought a potion of mutation for 128 gold pieces
 17094 | D:12     | 17094 ||| Stepping ~*~*~tactically~*~*~ (hiding).
 17102 | D:12     | 17102 ||| Stepping ~*~*~tactically~*~*~ (stealth).
 17107 | D:12     | 17107 ||| Stepping ~*~*~tactically~*~*~ (outnumbered).
 17115 | D:12     | 17115 ||| INVOKING Heroism.
 17126 | D:12     | 17126 ||| Stepping ~*~*~tactically~*~*~ (outnumbered).
 17178 | D:12     | Found a staircase to the Orcish Mines.
 17199 | D:12     | 17199 ||| Stepping ~*~*~tactically~*~*~ (stealth).
 17201 | D:12     | 17201 ||| Stepping ~*~*~tactically~*~*~ (stealth).
 17408 | D:12     | 17408 ||| Stepping ~*~*~tactically~*~*~ (stealth).
 17410 | D:12     | 17410 ||| Stepping ~*~*~tactically~*~*~ (stealth).
 17413 | D:12     | Reached skill level 9 in Invocations
 17418 | D:12     | 17418 ||| Stepping ~*~*~tactically~*~*~ (stealth).
 17420 | D:12     | 17420 ||| Stepping ~*~*~tactically~*~*~ (stealth).
 17483 | D:12     | 17483 ||| INVOKING Heroism.
 17513 | D:12     | 17513 ||| Stepping ~*~*~tactically~*~*~ (hiding).
 17615 | D:12     | 17615 ||| Stepping ~*~*~tactically~*~*~ (hiding).
 17756 | D:12     | 17756 ||| READING scroll labelled LAODISO XYCLOTZYSA.
 17765 | D:13     | 17765 ||| STAIRDANCE
 17777 | D:13     | 17777 ||| STAIRDANCE
 17799 | D:13     | Noticed Maurice
 17809 | D:13     | Killed Maurice
 17876 | D:13     | 17876 ||| Stepping ~*~*~tactically~*~*~ (hiding).
 17877 | D:13     | 17877 ||| Stepping ~*~*~tactically~*~*~ (hiding).
 17910 | D:13     | 17910 ||| Stepping ~*~*~tactically~*~*~ (stealth).
 17913 | D:13     | 17913 ||| Stepping ~*~*~tactically~*~*~ (stealth).
 17918 | D:13     | 17918 ||| Stepping ~*~*~tactically~*~*~ (stealth).
 17927 | D:13     | 17927 ||| Stepping ~*~*~tactically~*~*~ (stealth).
 18106 | D:13     | 18106 ||| Stepping ~*~*~tactically~*~*~ (outnumbered).
 18107 | D:13     | 18107 ||| Stepping ~*~*~tactically~*~*~ (outnumbered).
 18111 | D:13     | 18111 ||| Stepping ~*~*~tactically~*~*~ (outnumbered).
 18449 | D:13     | 18449 ||| INVOKING Heroism.
 18450 | D:13     | 18450 ||| Stepping ~*~*~tactically~*~*~ (hiding).
 18451 | D:13     | 18451 ||| Stepping ~*~*~tactically~*~*~ (outnumbered).
 18456 | D:13     | 18456 ||| Stepping ~*~*~tactically~*~*~ (outnumbered).
 18460 | D:13     | 18460 ||| Stepping ~*~*~tactically~*~*~ (outnumbered).
 18461 | D:13     | 18461 ||| Stepping ~*~*~tactically~*~*~ (outnumbered).
 18462 | D:13     | 18462 ||| Stepping ~*~*~tactically~*~*~ (outnumbered).
 18463 | D:13     | 18463 ||| Stepping ~*~*~tactically~*~*~ (outnumbered).
 18469 | D:13     | 18469 ||| Stepping ~*~*~tactically~*~*~ (outnumbered).
 18540 | D:13     | Identified the +0 robe of Gravity {rF+ Will++ Regen+}
 18657 | D:13     | Noticed an orc warlord
 18658 | D:13     | 18658 ||| INVOKING Heroism.
 18659 | D:13     | 18659 ||| INVOKING Finesse.
 18660 | D:13     | 18660 ||| Stepping ~*~*~tactically~*~*~ (stealth).
 18668 | D:13     | Killed an orc warlord
 18669 | D:13     | Reached skill level 18 in Unarmed Combat
 18669 | D:13     | Reached XP level 15. HP: 140/140 MP: 14/21
 18714 | D:13     | Found an iron altar of Okawaru.
 18725 | D:13     | Identified the +6 hand axe of the Hierophant {antimagic,
                  | rPois Str+2}
 18818 | D:13     | 18818 ||| UPGRADING to +0 cloak of poison resistance.
 18828 | D:13     | 18828 ||| DROPPING +0 cloak.
 18957 | D:14     | 18957 ||| INVOKING Heroism.
 18958 | D:14     | 18958 ||| INVOKING Finesse.
 18970 | D:14     | 18970 ||| Stepping ~*~*~tactically~*~*~ (stealth).
 18993 | D:14     | 18993 ||| Stepping ~*~*~tactically~*~*~ (stealth).
 19001 | D:14     | 19001 ||| Stepping ~*~*~tactically~*~*~ (outnumbered).
 19004 | D:14     | 19004 ||| Stepping ~*~*~tactically~*~*~ (stealth).
 19005 | D:14     | 19005 ||| Stepping ~*~*~tactically~*~*~ (outnumbered).
 19025 | D:14     | 19025 ||| Stepping ~*~*~tactically~*~*~ (hiding).
 19030 | D:14     | 19030 ||| INVOKING Finesse.
 19037 | D:14     | Received a gift from Okawaru
 19178 | D:14     | Found a gate to the Vaults.
 19194 | D:14     | 19194 ||| INVOKING Heroism.
 19196 | D:14     | 19196 ||| Stepping ~*~*~tactically~*~*~ (outnumbered).
 19391 | D:14     | 19391 ||| FLEEEEING.
 19392 | D:14     | 19392 ||| FLEEEEING.
 19393 | D:14     | 19393 ||| FLEEEEING.
 19394 | D:14     | 19394 ||| FLEEEEING.
 19395 | D:14     | 19395 ||| FLEEEEING.
 19396 | D:14     | 19396 ||| FLEEEEING.
 19397 | D:14     | 19397 ||| INVOKING Heroism.
 19443 | D:14     | 19443 ||| INVOKING Heroism.
 19632 | D:14     | 19632 ||| INVOKING Heroism.
 19633 | D:14     | 19633 ||| INVOKING Finesse.
 19645 | D:14     | Reached skill level 12 in Shields
 20111 | D:14     | 20111 ||| DROPPING ring of willpower.
 20166 | D:15     | Entered Level 15 of the Dungeon
 20167 | D:15     | 20167 ||| STAIRDANCE
 20211 | D:15     | 20211 ||| Stepping ~*~*~tactically~*~*~ (hiding).
 20256 | D:15     | Found a staircase to the Depths.
 20257 | D:15     | 20257 ||| INVOKING Heroism.
 20337 | D:15     | 20337 ||| Stepping ~*~*~tactically~*~*~ (hiding).
 20338 | D:15     | 20338 ||| Stepping ~*~*~tactically~*~*~ (hiding).
 20340 | D:15     | 20340 ||| Stepping ~*~*~tactically~*~*~ (hiding).
 20344 | D:15     | 20344 ||| INVOKING Heroism.
 20351 | D:15     | 20351 ||| Stepping ~*~*~tactically~*~*~ (outnumbered).
 20425 | D:15     | 20425 ||| INVOKING Heroism.
 20468 | D:15     | Received a gift from Okawaru
 20503 | D:15     | 20503 ||| FLEEEEING.
 20504 | D:15     | 20504 ||| FLEEEEING.
 20505 | D:15     | 20505 ||| FLEEEEING.
 20506 | D:15     | 20506 ||| FLEEEEING.
 20507 | D:15     | 20507 ||| FLEEEEING.
 20508 | D:15     | 20508 ||| FLEEEEING.
 20509 | D:15     | 20509 ||| FLEEEEING.
 20510 | D:15     | 20510 ||| FLEEEEING.
 20511 | D:15     | 20511 ||| FLEEEEING.
 20512 | D:15     | 20512 ||| FLEEEEING.
 20513 | D:15     | 20513 ||| FLEEEEING.
 20514 | D:15     | 20514 ||| FLEEEEING.
 20515 | D:15     | 20515 ||| FLEEEEING.
 20518 | D:15     | 20518 ||| FLEEEEING.
 20519 | D:15     | 20519 ||| FLEEEEING.
 20520 | D:15     | 20520 ||| FLEEEEING.
 20521 | D:15     | 20521 ||| FLEEEEING.
 20522 | D:15     | 20522 ||| FLEEEEING.
 20523 | D:15     | 20523 ||| FLEEEEING.
 20524 | D:15     | 20524 ||| FLEEEEING.
 20525 | D:15     | 20525 ||| FLEEEEING.
 20526 | D:15     | 20526 ||| FLEEEEING.
 20527 | D:15     | 20527 ||| FLEEEEING.
 20528 | D:15     | 20528 ||| FLEEEEING.
 20529 | D:15     | 20529 ||| FLEEEEING.
 20530 | D:15     | 20530 ||| FLEEEEING.
 20531 | D:15     | 20531 ||| FLEEEEING.
 20532 | D:15     | 20532 ||| FLEEEEING.
 20533 | D:15     | 20533 ||| FLEEEEING.
 20538 | D:15     | 20538 ||| INVOKING Heroism.
 20540 | D:15     | 20540 ||| INVOKING Finesse.
 20543 | D:15     | 20543 ||| Stepping ~*~*~tactically~*~*~ (outnumbered).
 20544 | D:15     | 20544 ||| Stepping ~*~*~tactically~*~*~ (outnumbered).
 20550 | D:15     | 20550 ||| Stepping ~*~*~tactically~*~*~ (outnumbered).
 20551 | D:15     | 20551 ||| Stepping ~*~*~tactically~*~*~ (outnumbered).
 20552 | D:15     | 20552 ||| Stepping ~*~*~tactically~*~*~ (outnumbered).
 20553 | D:15     | 20553 ||| Stepping ~*~*~tactically~*~*~ (outnumbered).
 20554 | D:15     | 20554 ||| Stepping ~*~*~tactically~*~*~ (outnumbered).
 20555 | D:15     | 20555 ||| Stepping ~*~*~tactically~*~*~ (outnumbered).
 20560 | D:15     | 20560 ||| Stepping ~*~*~tactically~*~*~ (outnumbered).
 20953 | D:15     | 20953 ||| PLANNING ORC
 20953 | D:15     | 20953 ||| READING scroll labelled ICLYDO WATIUTE.
 21036 | D:12     | 21036 ||| FLEEEEING.
 21058 | D:12     | 21058 ||| FLEEEEING.
 21090 | Orc:1    | Entered Level 1 of the Orcish Mines
 21152 | Orc:1    | Found a transporter.
 21200 | Orc:1    | 21200 ||| INVOKING Heroism.
 21204 | Orc:1    | 21204 ||| Stepping ~*~*~tactically~*~*~ (outnumbered).
 21205 | Orc:1    | 21205 ||| Stepping ~*~*~tactically~*~*~ (outnumbered).
 21222 | Orc:1    | 21222 ||| Stepping ~*~*~tactically~*~*~ (outnumbered).
 21223 | Orc:1    | 21223 ||| Stepping ~*~*~tactically~*~*~ (outnumbered).
 21224 | Orc:1    | 21224 ||| Stepping ~*~*~tactically~*~*~ (outnumbered).
 21225 | Orc:1    | 21225 ||| Stepping ~*~*~tactically~*~*~ (outnumbered).
 21227 | Orc:1    | 21227 ||| Stepping ~*~*~tactically~*~*~ (outnumbered).
 21238 | Orc:1    | Noticed Kisosi's ghost (journeyman DDFi)
 21296 | Orc:1    | Found Nocroero's Antique Weapon Shop.
 21341 | Orc:1    | Found a transporter.
 21423 | Orc:1    | Found a one-way gate to the infinite horrors of the Abyss.
 21451 | Orc:2    | Entered Level 2 of the Orcish Mines
 21452 | Orc:2    | 21452 ||| INVOKING Heroism.
 21461 | Orc:2    | 21461 ||| Stepping ~*~*~tactically~*~*~ (outnumbered).
 21462 | Orc:2    | 21462 ||| STAIRDANCE
 21464 | Orc:1    | 21464 ||| Stepping ~*~*~tactically~*~*~ (outnumbered).
 21467 | Orc:1    | 21467 ||| Stepping ~*~*~tactically~*~*~ (outnumbered).
 21468 | Orc:1    | 21468 ||| Stepping ~*~*~tactically~*~*~ (outnumbered).
 21470 | Orc:1    | 21470 ||| Stepping ~*~*~tactically~*~*~ (outnumbered).
 21471 | Orc:1    | 21471 ||| Stepping ~*~*~tactically~*~*~ (outnumbered).
 21474 | Orc:1    | Received a gift from Okawaru
 21549 | Orc:2    | 21549 ||| STAIRDANCE
 21551 | Orc:1    | 21551 ||| Stepping ~*~*~tactically~*~*~ (outnumbered).
 21552 | Orc:1    | 21552 ||| Stepping ~*~*~tactically~*~*~ (outnumbered).
 21553 | Orc:1    | 21553 ||| Stepping ~*~*~tactically~*~*~ (outnumbered).
 21554 | Orc:1    | 21554 ||| Stepping ~*~*~tactically~*~*~ (outnumbered).
 21555 | Orc:1    | 21555 ||| Stepping ~*~*~tactically~*~*~ (outnumbered).
 21556 | Orc:1    | 21556 ||| Stepping ~*~*~tactically~*~*~ (outnumbered).
 21557 | Orc:1    | 21557 ||| Stepping ~*~*~tactically~*~*~ (outnumbered).
 21558 | Orc:1    | 21558 ||| Stepping ~*~*~tactically~*~*~ (outnumbered).
 21559 | Orc:1    | 21559 ||| Stepping ~*~*~tactically~*~*~ (outnumbered).
 21560 | Orc:1    | 21560 ||| Stepping ~*~*~tactically~*~*~ (outnumbered).
 21577 | Orc:2    | 21577 ||| STAIRDANCE
 21579 | Orc:1    | 21579 ||| INVOKING Heroism.
 21580 | Orc:1    | 21580 ||| Stepping ~*~*~tactically~*~*~ (outnumbered).
 21581 | Orc:1    | 21581 ||| Stepping ~*~*~tactically~*~*~ (outnumbered).
 21582 | Orc:1    | 21582 ||| Stepping ~*~*~tactically~*~*~ (outnumbered).
 21583 | Orc:1    | 21583 ||| Stepping ~*~*~tactically~*~*~ (outnumbered).
 21584 | Orc:1    | 21584 ||| Stepping ~*~*~tactically~*~*~ (outnumbered).
 21585 | Orc:1    | 21585 ||| Stepping ~*~*~tactically~*~*~ (outnumbered).
 21586 | Orc:1    | 21586 ||| Stepping ~*~*~tactically~*~*~ (outnumbered).
 21587 | Orc:1    | 21587 ||| Stepping ~*~*~tactically~*~*~ (outnumbered).
 21631 | Orc:2    | 21631 ||| INVOKING Heroism.
 21634 | Orc:2    | 21634 ||| Stepping ~*~*~tactically~*~*~ (outnumbered).
 21635 | Orc:2    | 21635 ||| Stepping ~*~*~tactically~*~*~ (outnumbered).
 21695 | Orc:2    | Found a staircase to the Elven Halls.
 21720 | Orc:2    | 21720 ||| Stepping ~*~*~tactically~*~*~ (stealth).
 21771 | Orc:2    | 21771 ||| INVOKING Heroism.
 21778 | Orc:2    | 21778 ||| Stepping ~*~*~tactically~*~*~ (outnumbered).
 21807 | Orc:2    | 21807 ||| Stepping ~*~*~tactically~*~*~ (outnumbered).
 21811 | Orc:2    | Received a gift from Okawaru
 21814 | Orc:2    | 21814 ||| Stepping ~*~*~tactically~*~*~ (outnumbered).
 21822 | Orc:2    | Reached skill level 19 in Unarmed Combat
 21825 | Orc:2    | 21825 ||| INVOKING Heroism.
 21836 | Orc:2    | 21836 ||| Stepping ~*~*~tactically~*~*~ (outnumbered).
 21848 | Orc:2    | 21848 ||| Stepping ~*~*~tactically~*~*~ (outnumbered).
 21893 | Orc:2    | 21893 ||| Stepping ~*~*~tactically~*~*~ (stealth).
 21905 | Orc:2    | Found Pacusoll's Weapon Shop.
 21905 | Orc:2    | Found Plog's General Store.
 21911 | Orc:2    | 21911 ||| BUYING scroll of enchant armour (97 gold).
 21911 | Orc:2    | Bought a scroll of enchant armour for 97 gold pieces
 21911 | Orc:2    | 21911 ||| BUYING scroll of teleportation (39 gold).
 21911 | Orc:2    | Bought a scroll of teleportation for 39 gold pieces
 21911 | Orc:2    | 21911 ||| READING scroll of enchant armour.
 21911 | Orc:2    | 21911 ||| ENCHANTING +4 acid dragon scales.
 22013 | Orc:2    | 22013 ||| Stepping ~*~*~tactically~*~*~ (stealth).
 22037 | Orc:2    | 22037 ||| Stepping ~*~*~tactically~*~*~ (stealth).
 22038 | Orc:2    | 22038 ||| Stepping ~*~*~tactically~*~*~ (stealth).
 22090 | Orc:2    | Noticed Jorgrun
 22091 | Orc:2    | 22091 ||| DRINKING 2 potions of cancellation.
 22092 | Orc:2    | 22092 ||| INVOKING Heroism.
 22093 | Orc:2    | 22093 ||| INVOKING Finesse.
 22105 | Orc:2    | Killed Jorgrun
 22105 | Orc:2    | Received a gift from Okawaru
 22177 | Orc:2    | 22177 ||| Stepping ~*~*~tactically~*~*~ (stealth).
 22179 | Orc:2    | 22179 ||| Stepping ~*~*~tactically~*~*~ (stealth).
 22230 | Orc:2    | 22230 ||| INVOKING Heroism.
 22275 | Orc:2    | 22275 ||| Stepping ~*~*~tactically~*~*~ (stealth).
 22277 | Orc:2    | 22277 ||| Stepping ~*~*~tactically~*~*~ (stealth).
 22282 | Orc:2    | 22282 ||| Stepping ~*~*~tactically~*~*~ (stealth).
 22303 | Orc:2    | Found Quallein's Antique Armour Shop.
 22303 | Orc:2    | Found Hez Xann's Armour Shoppe.
 22313 | Orc:2    | 22313 ||| BUYING +2 kite shield of protection (279 gold).
 22313 | Orc:2    | Bought a +2 kite shield of protection for 279 gold pieces
 22373 | Orc:2    | Found a radiant altar of Vehumet.
 22380 | Orc:2    | 22380 ||| INVOKING Heroism.
 22389 | Orc:2    | 22389 ||| DRINKING 7 potions of curing.
 22389 | Orc:2    | 22389 ||| (to cure confusion)
 22465 | Orc:2    | 22465 ||| INVOKING Heroism.
 22466 | Orc:2    | 22466 ||| Stepping ~*~*~tactically~*~*~ (hiding).
 22476 | Orc:2    | 22476 ||| Stepping ~*~*~tactically~*~*~ (outnumbered).
 22477 | Orc:2    | 22477 ||| Stepping ~*~*~tactically~*~*~ (outnumbered).
 22478 | Orc:2    | 22478 ||| Stepping ~*~*~tactically~*~*~ (outnumbered).
 22481 | Orc:2    | 22481 ||| Stepping ~*~*~tactically~*~*~ (outnumbered).
 22482 | Orc:2    | 22482 ||| Stepping ~*~*~tactically~*~*~ (outnumbered).
 22486 | Orc:2    | 22486 ||| Stepping ~*~*~tactically~*~*~ (outnumbered).
 22741 | Orc:2    | 22741 ||| PLANNING SNAKE:1-3
 22741 | Orc:2    | 22741 ||| DROPPING +1 swamp dragon scales of Inference
                  | {Drain +Blink +Inv rPois Dex-5}.
 22742 | Orc:2    | 22742 ||| UPGRADING to +2 kite shield of protection.
 22752 | Orc:2    | 22752 ||| DROPPING +0 kite shield.
 22917 | D:10     | Reached skill level 9 in Fighting
 23077 | Snake:1  | Entered Level 1 of the Snake Pit
 23100 | Snake:1  | 23100 ||| INVOKING Heroism.
 23112 | Snake:1  | 23112 ||| Stepping ~*~*~tactically~*~*~ (outnumbered).
 23114 | Snake:1  | 23114 ||| Stepping ~*~*~tactically~*~*~ (outnumbered).
 23123 | Snake:1  | Received a gift from Okawaru
 23136 | Snake:1  | Reached XP level 16. HP: 119/156 MP: 9/22
 23139 | Snake:1  | 23139 ||| Stepping ~*~*~tactically~*~*~ (outnumbered).
 23146 | Snake:1  | 23146 ||| INVOKING Heroism.
 23146 | Snake:1  | HP: 39/156 [naga/+0 war axe (17)]
 23146 | Snake:1  | HP: 4/156 [naga warrior/+0 trident (32)]
 23146 | Snake:1  | Demolished by a salamander

Levels and vault maps discovered:
D:1:      saegor_arrival_simple_c, layout_rooms,
          shapermc_ecumenical_altar_mp_ritualfount, serial_forest,
          infiniplex_forest_end_3, infiniplex_forest_clump_small,
          infiniplex_forest_corner_1, infiniplex_forest_corner_1,
          infiniplex_forest_clump_long, infiniplex_forest_end_2,
          infiniplex_forest_clump_small, infiniplex_forest_corner_1,
          minmay_pentomino_q4
D:2:      layout_loops_ring, nicolae_kite_square_tiling_tiny,
          chequers_serial_rivers_large_a, kennysheep_generic_room_16,
          uniq_natasha
D:3:      layout_loops_ring, mainiacjoe_overflow_alcove_1, lemuel_crystal_altar,
          nicolae_tso_carved_into_rock, nicolae_overflow_crystal_walls,
          cheibrodos_sewer_entry_bend, uniq_terence
D:4:      layout_cave_pools, zin_statuary, temple_fountains,
          minmay_goblin_kobold_house
D:5:      layout_loops_ring, lemuel_crystal_altar, nicolae_stop_n_shop_2,
          uniq_prince_ribbit1
D:6:      layout_cave_pools, lightli_temple_of_fire, nzn_random_ring
D:7:      layout_basic, mainiacjoe_overflow_boulevard,
          nicolae_yredelemnul_ghost_church, gammafunk_ghost_nasty_kobolds,
          uniq_pikel, uniq_maggie
D:8:      layout_cave_pools, bloody_trog, kennysheep_mini,
          general_overflow_altar, marbit_many_paths, serial_gnoll_camp,
          gnoll_camp_mini_basic, gnoll_camp_mini_house, gnoll_camp_mini_basic,
          gnoll_camp_huts_basic, minmay_misc_feat_four_crosses, uniq_gastronok
D:9:      layout_cave_pools, slow_altar_1, grunt_lair_entry_orc_guard_hut
D:10:     layout_irregular_city, mainiacjoe_overflow_concentric_impassable,
          serial_co_window_serial, co_window_cross_1,
          co_window_of_opportunity_a, co_window_paths_a, co_window_paths_a,
          co_window_paths_a, co_window_of_opportunity_c, co_window_broadway_b,
          co_window_2corner, co_window_of_opportunity_c, co_window_broadway_b,
          co_window_unsneaky_path_b, co_window_paths_c, glass_columns_a,
          glass_columns_a, glass_columns_b, glass_columns_a, glass_columns_b,
          uniq_josephine
D:11:     layout_loops_ring
D:12:     layout_stronghold, erik_orc_2, serial_shops, nicolae_diamond_shop,
          small_statue_alley_a, minmay_misc_feat_tiny
D:13:     evilmike_iron_armoury, layout_irregular_city, uniq_maurice
D:14:     layout_loops_corners, skrybe_vaults_entry_preservation,
          hellmonk_bongcloud_opening
D:15:     grunt_enter_depths_giant_problem, layout_long_grid,
          chequers_mini_garden
Lair:1:   layout_loops_ring, st_stairs_3, beast_lair_carwin_3
Lair:2:   beast_lair_carwin_large_2, layout_cave_pods, palyth_hydra_swamp_entry,
          serial_bayou_lagoon_b
Lair:3:   layout_long_grid, guppyfry_snake_entry_garden, grunt_megastairs_5,
          lemuel_fruit_fields
Lair:4:   layout_regular_city, slime_entry_1
Lair:5:   gammafunk_lair_ancient_temple, layout_small_grid,
          infiniplex_staircase_pool
Snake:1:  layout_gridlike, nicolae_snake_ghostly_warrior_ritual
Orc:1:    layout_caves, basic_altar, gammafunk_ghost_abyssal_escape,
          serial_shops, nicolae_shop_temple_entry_statues_fountains
Orc:2:    st_orc_town, layout_diamond_mine, basic_altar, mines2_david,
          uniq_jorgrun

Skill      XL: |  1  2  3  4  5  6  7  8  9 10 11 12 13 14 15 |
---------------+----------------------------------------------+-----
Unarmed Combat | 4 6 7 8 9 10 11 13 15 17 18 19 | 19.0
Fighting       | 3 4 5 6 7 9 |  9.0
Throwing       | 1 2 3 5 7 8 |  8.0
Shields        | 5 7 8 10 11 12 | 12.4
Dodging        | 3 |  3.3
Armour         | 3 |  3.0
Invocations    | 1 5 9 10 | 10.0
Spellcasting   | |  1.0
Fire Magic     | |  2.1

Action                   |  1- 3 |  4- 6 |  7- 9 | 10-12 | 13-15 | 16-18 || total
-------------------------+-------+-------+-------+-------+-------+-------++-------
Melee: Unarmed           |    80 |   106 |   310 |   564 |  1254 |     6 ||  2320
       Punch             |     2 |     6 |     5 |       |       |       ||    13
Throw: Javelin           |       |       |    16 |    33 |    33 |       ||    82
       Large rock        |       |       |    12 |    19 |   105 |       ||   136
       Boomerang         |       |       |       |       |     9 |       ||     9
Invok: Fiery Armour      |       |       |     3 |     9 |       |       ||    12
       Heroism           |       |       |       |     2 |    57 |     1 ||    60
       Finesse           |       |       |       |       |     9 |       ||     9
  Use: Scroll            |     3 |       |    14 |     8 |     6 |       ||    31
       Potion            |       |       |     5 |     5 |     4 |       ||    14
Armor: Robe              |    22 |    17 |   106 |     6 |       |       ||   151
       Acid dragon scale |       |       |       |   243 |   293 |     2 ||   538
Dodge: Dodged            |    25 |    24 |   118 |   267 |   409 |     9 ||   852
Block: Kite shield       |       |       |    83 |   260 |   869 |    19 ||  1231

Table legend:
 A = Non-vault XP
 B = Vault XP
 C = Vault XP percentage of total XP
 D = Non-vault monster count
 E = Vault monster count
 F = Vault count percentage of total count
                 A         B        C        D         E       F
            +---------+---------+-------+---------+---------+-------
      Total |  108920 |   45071 |  29.3 |     524 |     245 |  31.9
            +---------+---------+-------+---------+---------+-------
        D:1 |      31 |       4 |  11.4 |      21 |       2 |   8.7
        D:2 |     139 |      37 |  21.0 |      23 |       2 |   8.0
        D:3 |     142 |      41 |  22.4 |      19 |       2 |   9.5
        D:4 |     228 |       5 |   2.1 |      14 |       3 |  17.6
        D:5 |     414 |     283 |  40.6 |       7 |       1 |  12.5
        D:6 |    1142 |    1056 |  48.0 |      32 |      15 |  31.9
        D:7 |     537 |    1071 |  66.6 |      10 |       5 |  33.3
        D:8 |    1100 |    2329 |  67.9 |      20 |      30 |  60.0
        D:9 |    2588 |     514 |  16.6 |      12 |       5 |  29.4
       D:10 |    3194 |    1787 |  35.9 |      25 |       5 |  16.7
       D:11 |    3156 |       0 |   0.0 |      13 |       0 |   0.0
       D:12 |    8615 |     542 |   5.9 |      35 |      18 |  34.0
       D:13 |    2957 |    5150 |  63.5 |      14 |      18 |  56.2
       D:14 |    9845 |    5539 |  36.0 |      20 |       9 |  31.0
       D:15 |   11111 |    1123 |   9.2 |      21 |       1 |   4.5
     Lair:1 |    4485 |    2147 |  32.4 |      19 |       7 |  26.9
     Lair:2 |    4084 |    3423 |  45.6 |      19 |      12 |  38.7
     Lair:3 |   14481 |     490 |   3.3 |      43 |       4 |   8.5
     Lair:4 |    8619 |       0 |   0.0 |      33 |       0 |   0.0
     Lair:5 |   22361 |    6259 |  21.9 |      56 |      15 |  21.1
    Snake:1 |    3283 |    2071 |  38.7 |       7 |       3 |  30.0
      Orc:1 |    3497 |       0 |   0.0 |      24 |       0 |   0.0
      Orc:2 |    2911 |   10480 |  78.3 |      37 |      60 |  61.9
      Sewer |       0 |     720 | 100.0 |       0 |      28 | 100.0
            +---------+---------+-------+---------+---------+-------
